 Dungeon Crawl Stone Soup version 0.30.0-10-gfe55d96785 (webtiles) character file.

Game seed: 2565935531602821022

48862 Irreverend the Marksspriggan (level 14, -5/75 HPs)
             Began as a Spriggan Hexslinger on May 13, 2023.
             Was a Priest of Ashenzari.
             Killed by divine providence
             ... invoked by an orc priest
              (11 damage)
             ... on level 2 of the Orcish Mines on May 14, 2023.
             The game lasted 01:03:55 (19261 turns).

Irreverend the Marksspriggan (Spriggan Hexslinger) Turns: 19261, Time: 01:03:56

Health: -5/75      AC:  9    Str:  6    XL:     14   Next: 13%
Magic:  12/32      EV: 33    Int: 15    God:    Ashenzari [***...]
Gold:   1868       SH:  0    Dex: 20    Spells: 29/40 levels left

rFire   . . .        L - +4 shortbow (freeze)
rCold   . . .        (shield currently unavailable)
rNeg    . . .        I - +1 robe "Shackled Unpleasantness" {Archmagi, Range, Elem} (curse)
rPois   .            M - +2 hat of the Elysian Seer {Stlth+, Alch, Bglg} (curse)
rElec   .            (no cloak)
rCorr   .            (gloves unavailable)
SInv    +            (boots unavailable)
Will    ++...        z - amulet of Ashenzari's Omission {Regen+, Self, Cun} (curse)
Stlth   +++          P - +5 ring of evasion
HPRegen 1.12/turn    A - ring of the Eternal Comet {AC+4, Self, Fort} (curse)
MPRegen 0.23/turn

%: clarity, archmagi
@: portalling projectiles, very quick
A: very small, no large weapons, unfitting armour, see invisible, speed 3
a: Renounce Religion, Curse Item, Shatter the Chains


You were on level 2 of the Orcish Mines.
You worshipped Ashenzari.
Ashenzari was most pleased with you.
You visited 4 branches of the dungeon, and saw 20 of its levels.

You collected 1868 gold pieces.

Inventory:

Hand Weapons
 a - a +1 sling
 L - a +4 shortbow of freezing (weapon)
 V - a +0 arbalest
Armour
 c - a +0 robe
 j - the crystal ball of Wucad Mu {*channel}
   (You found it on level 2 of the Dungeon)

   *Channel:  It often returns the magic spent to cast spells, but lowers their
   success rate.
   It always returns the magic spent on miscasts.
 I - the cursed +1 robe "Shackled Unpleasantness" (worn) {Archmagi, Range, Elem}
   (You found it on level 8 of the Dungeon)

   It has a curse which improves the following skills: Ranged Combat: Ranged
   Weapons and Throwing.
   Elements:  Fire Magic, Ice Magic, Air Magic and Earth Magic.
 M - the cursed +2 hat of the Elysian Seer (worn) {Stlth+, Alch, Bglg}
   (You took it off Gastronok on level 10 of the Dungeon)

   It has a curse which improves the following skills: Alchemy: Poison Magic and
   Transmutations.
   Beguiling: Conjurations, Hexes and Translocations.
Jewellery
 g - a ring of flight
 k - an amulet of guardian spirit
 z - the cursed amulet of Ashenzari's Omission (around neck) {Regen+, Self, Cun}
   (You found it on level 5 of the Dungeon)

   [amulet of regeneration]

   Regen:     It increases your rate of health regeneration.
   It has a curse which improves the following skills: Introspection: Fighting
   and Spellcasting.
   Cunning:   Dodging and Stealth.
 A - the cursed ring of the Eternal Comet (right hand) {AC+4, Self, Fort}
   (You found it on level 5 of the Dungeon)

   [ring of protection]

   AC:        It affects your AC (+4).
   It has a curse which improves the following skills: Introspection: Fighting
   and Spellcasting.
   Fortitude: Armour and Shields.
 P - a +5 ring of evasion (left hand)
 S - an amulet of reflection
Wands
 r - a wand of charming (10)
 w - a wand of roots (5)
 J - a wand of digging (5)
 K - a wand of flame (10)
Scrolls
 b - 3 scrolls of poison
 f - 3 scrolls of enchant armour
 h - 2 scrolls of noise
 i - 5 scrolls of torment
 l - a scroll of blinking
 n - 4 scrolls of fog
 o - 14 scrolls of identify
 p - 6 scrolls of magic mapping
 q - 11 scrolls of teleportation
 y - a scroll of butterflies
 C - 2 scrolls of fear
 D - a scroll of amnesia
 E - 3 scrolls of immolation
 N - a scroll of brand weapon
 Q - 2 scrolls of enchant weapon
 T - a scroll of acquirement
Potions
 d - 4 potions of mutation
 e - 9 potions of curing
 m - 3 potions of magic
 s - 4 potions of flight
 t - 4 potions of heal wounds
 u - 5 potions of haste
 v - 4 potions of attraction
 x - 2 potions of resistance
 B - 2 potions of invisibility
 F - 2 potions of brilliance
 G - 3 potions of cancellation
 H - 3 potions of lignification
 O - 2 potions of berserk rage
 R - a potion of ambrosia
 U - 2 potions of might


   Skills:
 - Level 7.1(9.4) Fighting
 + Level 15.7(17.1) Ranged Weapons
 - Level 11.3(12.8) Dodging
 + Level 11.3(13.5) Spellcasting
 * Level 15.2(16.6) Hexes


You had 29 spell levels left.
You knew the following spells:

 Your Spells              Type           Power      Damage    Failure   Level
a - Slow                  Hex            100%       N/A       0%          1
b - Inner Flame           Hex/Fire       52%        N/A       1%          3
c - Portal Projectile     Hex/Tloc       100%       N/A       1%          3
d - Cause Fear            Hex            37%        N/A       1%          4

Your spell library contained the following spells:

 Spells                   Type           Power      Damage    Failure   Level
 Foxfire                  Conj/Fire      64%        2x1d7     6%          1
 Sting                    Tmut/Pois      60%        1d6       6%          1
 Yara's Violent Unravell  Hex/Tmut       26%        3d11      6%          5
 Enfeeble                 Hex            37%        N/A       6%          7
 Blink                    Tloc           30%        N/A       10%         2
 Cigotuvi's Dreadful Rot  Necr/Pois/Air  30%        N/A       10%         2
 Vhi's Electric Charge    Tloc/Air       30%        N/A       19%         3
 Flame Wave               Conj/Fire      16%        2d7       54%         4
 Ice Form                 Ice/Tmut       15%        N/A       54%         4
 Passage of Golubria      Tloc           15%        N/A       54%         4
 Sticky Flame             Conj/Fire      16%        2d4       54%         4
 Animate Dead             Necr           15%        N/A       56%         4
 Dispel Undead            Necr           15%        3d10      56%         4
 Arcjolt                  Conj/Air       7%         1d17      87%         5
 Fireball                 Conj/Fire      8%         3d6       87%         5
 Borgnjor's Vile Clutch   Necr/Erth      7%         N/A       88%         5
 Death Channel            Necr           7%         N/A       100%        6
 Plasma Beam              Fire/Air       7%         2x1d20    100%        6
 Starburst                Conj/Fire      8%         6d4       100%        6
 Maxwell's Capacitive Co  Air            7%         ∞         100%        8


Dungeon Overview and Level Annotations

Branches:
Dungeon (12/15)            Temple (1/1) D:4            Lair (5/5) D:9
 Shoals (0/4) Lair:2        Snake (0/4) Lair:2        Slime (0/5) Lair:4
    Orc (2/2) D:12            Elf (0/3) Orc:2

Altars:
Ashenzari
Cheibriados
Dithmenos
Elyvilon
Fedhas
Gozag
Hepliaklqana
Kikubaaqudgha
Makhleb
Nemelex Xobeh
Okawaru
Qazlal
Ru
Sif Muna
Trog
Uskayaw
Vehumet
Wu Jian
Xom
Yredelemnul
Zin
The Shining One
Jiyva

Shops:
D:4 *   D:12 :

Annotations:
D:9 2 runed translucent doors
D:12 1 runed translucent door, edwardauron's ghost, journeyman GnMo
Lair:2 3 runed translucent doors, wolfgangpup's ghost, journeyman FoWr
Lair:4 exclusion: oklob plant


Innate Abilities, Weirdness & Mutations

You are very small and have problems with some larger weapons.
You are too small for most types of armour.
You have supernaturally acute eyesight. (SInv)
You cover ground extremely quickly. (Speed+++)


Message History

Aim: an orc priest, wielding a +0 flail and wearing a +0 ring mail (inner flame, fleeing, 84% to hit)
You magically shoot an arrow.
The arrow hits the orc priest!
Flame seeps out of the orc priest.
The arrow freezes the orc priest.
The orc priest explodes!
The fiery explosion engulfs the orc warrior!!
The orc warrior is severely wounded.
Your attack snaps the orc warrior out of its fear.
You hear a shout! x5
The orc warrior is engulfed in blazing flames.
You kill the orc warrior!
An orc priest comes into view. It is wielding a +0 dagger.
Casting: Cause Fear (safe; 1% risk of failure)
Confirm with . or Enter, or press ? or * to list all spells.
Aiming: Slow (safe; 0% risk of failure)
Press: ? - help, Shift-Dir - straight line, f - orc warrior
Aim: an orc warrior, wielding a +0 glaive and wearing a +0 chain mail (chance to affect: 56%)
You feel a surge of power!
The orc warrior resists with significant effort.
The orc priest mumbles some strange prayers to Beogh against you.
Beogh smites you!
* * * LOW HITPOINT WARNING * * *
Casting: Slow (safe; 0% risk of failure)
Confirm with . or Enter, or press ? or * to list all spells.
Aiming: Slow (safe; 0% risk of failure)
Press: ? - help, Shift-Dir - straight line, f/p - orc warrior
Aim: an orc warrior, wielding a +0 glaive and wearing a +0 chain mail (chance to affect: 56%)
You feel a surge of power!
The orc warrior seems to slow down.
An orc priest comes into view. It is wielding a +0 hand axe.
The orc priest begins to cast a cantrip, but forgets the words!
The orc warrior unwields a +0 halberd.
The orc warrior wields a +0 arbalest.
The orc warrior shoots a bolt.
The bolt completely misses you.
You hear a shout!
The orc warrior shoots a bolt.
The bolt misses you.
The orc priest looks satisfied for a moment.
The orc priest mumbles some strange prayers to Beogh against you.
Beogh smites you!
* * * LOW HITPOINT WARNING * * *
The orc priest mumbles some strange prayers to Beogh against you.
Beogh smites you!
You die...

## ## ##.## ### ##.###...#
##.### #........## #....##
*........# ##....#
##.....# ##...####..@...##
### ###.....#.........#
##.##
##...........##.#..###...#
#^...#.o.....###.....##.##
##.)...oo...## ##..).....#
###...o##.## ###))....##
*#...o.#### ##[.....##
#.))....# ##[).....##
##.).#### ######.[))...).#


You could see 2 orc warriors and 2 orc priests.

Vanquished Creatures
  Gastronok (D:10)
  Snorg (D:12)
  An ettin (Orc:2)
  A catoblepas (Lair:5)
  4 hydras
  Erica (Lair:1)
  3 two-headed ogres
  A boulder beetle (Lair:4)
  3 death yaks (Lair:5)
  A deep troll shaman (Lair:5)
  An orc high priest (Orc:1)
  Urug (Lair:4)
  A skyshark (Lair:2)
  4 skeletal warriors (D:12)
  An orc sorcerer (Orc:1)
  3 elephants (Lair:5)
  A merfolk siren (Lair:2)
  4 black mambas
  Joseph (D:9)
  3 gargoyles
  2 torpor snails (Lair:5)
  Maggie (D:7)
  10 cane toads
  Psyche (D:9)
  4 rime drakes
  5 komodo dragons
  An unseen horror (D:12)
  5 trolls
  3 polar bears
  9 blink frogs
  5 wyverns
  5 wraiths
  A vampire (D:12)
  41 yaks
  6 basilisks
  2 steam dragons
  6 vampire mosquitoes
  2 wargs (Orc:2)
  3 nagas (Lair:2)
  An acid dragon (D:11)
  Duvessa (D:7)
  14 water moccasins
  20 orc warriors
  2 ice beasts
  33 wolves
  9 ogres
  3 centaurs
  A phantom (D:5)
  A kobold brigand (D:9)
  14 bullfrogs
  A gnoll sergeant (Orc:2)
  3 scorpions
  Dowan (D:7)
  8 howler monkeys
  A hound (D:6)
  A jelly (D:6)
  13 orc priests
  3 iguanas
  A sleepcap (D:5)
  14 orc wizards
  4 gnolls (Orc:2)
  3 adders
  3 shadow imps
  A white imp (D:6)
  An ufetubus (D:5)
  3 worms
  6 dart slugs
  74 orcs
  4 ball pythons
  8 endoplasms
  4 giant cockroaches
  9 goblins
  5 hobgoblins
  5 jackals (D:1)
  3 quokkas
  7 bats
  2 frilled lizards
  16 kobolds
  5 rats
457 creatures vanquished.

Vanquished Creatures (others)
  A komodo dragon (Lair:1)
  2 yaks (D:8)
  A wolf (Lair:4)
4 creatures vanquished.

Grand Total: 461 creatures vanquished

Notes
Turn   | Place    | Note
-------+----------+-------------------------------------------
     0 | D:1      | Irreverend the Spriggan Hexslinger began the quest for the
                  | Orb.
     0 | D:1      | Reached XP level 1. HP: 9/9 MP: 3/3
   242 | D:1      | Reached skill level 1 in Fighting
   294 | D:1      | Reached XP level 2. HP: 12/14 MP: 5/5
   414 | D:1      | Found a faded altar of an unknown god.
   504 | D:1      | Reached XP level 3. HP: 18/18 MP: 6/6
   781 | D:2      | Found the crystal ball of Wucad Mu {*channel}
  1934 | D:3      | Reached XP level 4. HP: 7/23 MP: 5/7
  2840 | D:4      | Found a staircase to the Ecumenical Temple.
  3017 | Temple   | Entered the Ecumenical Temple
  3737 | D:4      | Noticed a scorpion
  3779 | D:4      | Noticed an ogre
  3900 | D:4      | Killed a scorpion
  3901 | D:4      | Reached XP level 5. HP: 26/26 MP: 8/8
  3953 | D:4      | Killed an ogre
  3954 | D:4      | Reached XP level 6. HP: 32/32 MP: 9/9
  4176 | D:4      | Found Kovack's Neck Hole.
  4372 | D:5      | Entered Level 5 of the Dungeon
  4379 | D:5      | Reached skill level 5 in Dodging
  4419 | D:5      | Noticed an ice beast
  4423 | D:5      | Reached skill level 5 in Ranged Weapons
  4464 | D:5      | Killed an ice beast
  4487 | D:5      | Reached XP level 7. HP: 31/36 MP: 8/10
  4943 | D:5      | Found a radiant altar of Vehumet.
  4947 | D:5      | Found a sparkling altar of Nemelex Xobeh.
  4950 | D:5      | Found a shimmering altar of Xom.
  5117 | D:5      | Found a basalt altar of Yredelemnul.
  5124 | D:5      | Found a bloodstained altar of Trog.
  5313 | Temple   | Became a worshipper of Ashenzari the Shackled
  5517 | D:6      | Reached XP level 8. HP: 42/42 MP: 11/11
  5777 | D:6      | Identified the +3 dagger of Defiance {drain, rF+ Int+2}
  5980 | D:7      | Noticed Maggie
  6068 | D:7      | Killed Maggie
  6359 | D:7      | Noticed Dowan
  6371 | D:7      | Killed Dowan
  6371 | D:7      | Noticed Duvessa
  6619 | D:7      | Killed Duvessa
  6781 | D:7      | Reached XP level 9. HP: 47/47 MP: 12/12
  7041 | D:8      | Reached skill level 5 in Fighting
  7258 | D:8      | Reached * piety under Ashenzari
  7931 | D:9      | Noticed an ice dragon
  7931 | D:9      | Found the +2 shield of Resistance {rF++ rC++ Will++}
  7932 | D:9      | Found a runed translucent door.
  7932 | D:9      | Noticed a fire dragon
  7932 | D:9      | Noticed a fire dragon
  7934 | D:9      | Noticed an ice dragon
  7941 | D:9      | Noticed a troll
  7945 | D:9      | Noticed Psyche
  8009 | D:9      | Killed a troll
  8010 | D:9      | Reached skill level 10 in Ranged Weapons
  8067 | D:9      | Killed Psyche
  8101 | D:9      | Found a runed translucent door.
  8193 | D:9      | Noticed Joseph
  8445 | D:9      | Reached ** piety under Ashenzari
  8490 | D:9      | Killed Joseph
  8491 | D:9      | Reached XP level 10. HP: 56/56 MP: 7/14
  8708 | D:9      | Reached skill level 10 in Dodging
  8998 | D:9      | Found a staircase to the Lair.
  9136 | D:10     | Entered Level 10 of the Dungeon
  9136 | D:10     | Noticed Gastronok
  9172 | D:10     | Killed Gastronok
  9244 | D:10     | Noticed a gargoyle
  9303 | D:10     | Killed a gargoyle
  9322 | D:10     | Noticed a two-headed ogre
  9344 | D:10     | Killed a two-headed ogre
  9624 | D:10     | Reached XP level 11. HP: 60/60 MP: 14/16
 10034 | D:11     | Noticed a two-headed ogre
 10042 | D:11     | Killed a two-headed ogre
 10402 | D:11     | Reached skill level 5 in Hexes
 10711 | D:12     | Noticed a skeletal warrior
 10791 | D:12     | Noticed a skeletal warrior
 10933 | D:12     | Killed a skeletal warrior
 11021 | D:12     | Killed a skeletal warrior
 11034 | D:12     | Noticed a skeletal warrior
 11034 | D:12     | Noticed a skeletal warrior
 11288 | D:12     | Killed a skeletal warrior
 11396 | D:12     | Killed a skeletal warrior
 11397 | D:12     | Reached skill level 5 in Spellcasting
 11488 | D:12     | Found Unusuimp's Book Shop.
 11500 | D:12     | Learned a level 3 spell: Inner Flame
 11614 | D:12     | Noticed Snorg
 11680 | D:12     | Killed Snorg
 11808 | D:12     | Reached *** piety under Ashenzari
 11818 | D:12     | Found a runed translucent door.
 11818 | D:12     | Noticed edwardauron's ghost (journeyman GnMo)
 11818 | D:12     | Identified the staff of death "Wydyma Wai" {Contam +Blink
                  | rC+ rN+ Dex+2}
 11821 | D:12     | Found a staircase to the Orcish Mines.
 12347 | Lair:1   | Entered Level 1 of the Lair of Beasts
 12381 | Lair:1   | Reached XP level 12. HP: 67/67 MP: 25/25
 12433 | Lair:1   | Noticed Erica
 12443 | Lair:1   | Killed Erica
 13469 | Lair:2   | Found a staircase to the Shoals.
 13564 | Lair:2   | Noticed wolfgangpup's ghost (journeyman FoWr)
 13584 | Lair:2   | Reached skill level 10 in Hexes
 13640 | Lair:2   | Found a runed translucent gate.
 13640 | Lair:2   | Found a runed translucent gate.
 13640 | Lair:2   | Found a runed translucent gate.
 13645 | Lair:2   | Noticed a four-headed hydra
 13655 | Lair:2   | Killed a four-headed hydra
 13773 | Lair:2   | Found a staircase to the Snake Pit.
 14213 | Lair:3   | Learned a level 3 spell: Portal Projectile
 14218 | Lair:3   | Learned a level 4 spell: Cause Fear
 14441 | Lair:3   | Noticed a seven-headed hydra
 14449 | Lair:3   | Killed a seven-headed hydra
 14511 | Lair:3   | Reached XP level 13. HP: 66/70 MP: 29/29
 15200 | Lair:4   | Noticed Urug
 15295 | Lair:4   | Killed Urug
 15566 | Lair:4   | Found a viscous altar of Jiyva.
 15566 | Lair:4   | Found a staircase to the Slime Pits.
 15629 | Lair:4   | Identified a scroll of acquirement
 16041 | Lair:5   | Entered Level 5 of the Lair of Beasts
 16077 | Lair:5   | Reached skill level 15 in Ranged Weapons
 16285 | Lair:5   | Reached skill level 10 in Spellcasting
 17785 | Lair:5   | Identified the Exposition on Changed Nonlocality
 17797 | Lair:5   | Upgraded the game from 0.30.0-5-g1a98f26d00 to
                  | 0.30.0-10-gfe55d96785
 18028 | Orc:1    | Entered Level 1 of the Orcish Mines
 18125 | Orc:1    | Reached XP level 14. HP: 75/75 MP: 16/32
 18429 | Orc:1    | Reached skill level 15 in Hexes
 18592 | Orc:2    | Entered Level 2 of the Orcish Mines
 18592 | Orc:2    | Found a gate leading to a gauntlet.
 18714 | Orc:2    | Found a staircase to the Elven Halls.
 19117 | Orc:2    | Found a shimmering blue altar of Sif Muna.
 19123 | Orc:2    | Identified Sif Muna's Discourse on the Spider
 19261 | Orc:2    | Killed from afar by an orc priest

Illustrated notes

Levels and vault maps discovered:
D:1:      dpeg_arrival_chambers_temple_mockup, layout_basic,
          dreamdust_ecumenical_altar_grove, kennysheep_nondescript
D:2:      layout_basic
D:3:      layout_basic
D:4:      layout_cave_pools, minmay_temple_entry_butterflies,
          nicolae_shop_sticking_my_neck_out
D:5:      layout_rooms, nicolae_overflow_hallway_of_the_gods
D:6:      layout_basic
D:7:      layout_rooms, serial_bayou_pond_c, corexii_checkpoint_a, uniq_duvessa,
          uniq_maggie
D:8:      layout_basic
D:9:      layout_basic, erik_lair_dragon, dreamdust_mushroom_princess,
          minmay_guarded_unrand_resistance, uniq_joseph, uniq_psyche
D:10:     layout_basic, uniq_gastronok
D:11:     layout_loops_corners
D:12:     nicolae_cairo_tiling_large_dashed, layout_basic,
          gammafunk_ghost_grave, serial_curves, eino_curves_02, eino_curves_01,
          serial_shops, shop, uniq_snorg
Temple:   minmay_crystal_spiral_temple
Lair:1:   layout_cave_pods, grunt_megastairs_5, uniq_erica
Lair:2:   layout_misc_corridors, minmay_shoals_entry_lonely_mermaid,
          minmay_snake_entry_guardpost_small, gammafunk_ghost_split
Lair:3:   layout_small_grid
Lair:4:   layout_loops_ring, minmay_slime_entry_oklob_enclosed,
          chequers_serial_rivers_large_a, grunt_megastairs_1, uniq_urug
Lair:5:   grunt_lair_end_beastmaster, layout_misc_corridors
Orc:1:    layout_caves, mines2_david
Orc:2:    st_orc_pillars, layout_caves, gauntlet_entry_generic, serial_shops,
          shop, led_sif_book

Skill      XL: |  1  2  3  4  5  6  7  8  9 10 11 12 13 14 |
---------------+-------------------------------------------+-----
Fighting       | 1 2 3 4 6 7 |  7.1
Dodging        | 3 4 5 6 8 9 11 | 11.3
Ranged Weapons | 3 4 5 6 8 10 12 13 14 15 | 15.7
Spellcasting   | 6 8 11 | 11.3
Hexes          | 7 11 14 15 | 15.2

Action                     |  1- 3 |  4- 6 |  7- 9 | 10-12 | 13-15 || total
---------------------------+-------+-------+-------+-------+-------++-------
   Fire: Sling             |   156 |   177 |   650 |    23 |       ||  1006
         Shortbow          |       |       |       |   839 |   771 ||  1610
   Cast: Slow              |     1 |     5 |    66 |    13 |    11 ||    96
         Inner Flame       |       |       |       |     4 |    21 ||    25
         Portal Projectile |       |       |       |     1 |    12 ||    13
         Cause Fear        |       |       |       |     1 |     7 ||     8
 Invoke: Curse Item        |       |       |     3 |     1 |       ||     4
  Evoke: Wand              |       |       |     4 |       |     1 ||     5
    Use: Potion            |     1 |       |     2 |       |       ||     3
         Scroll            |       |       |     1 |     2 |     1 ||     4
 Armour: Robe              |     5 |     1 |    29 |    16 |    15 ||    66
  Dodge: Dodged            |    68 |    33 |   272 |   262 |   234 ||   869
